 Dungeon Crawl Stone Soup version 0.28.0-43-g3370ac3207 (webtiles) character file.

Game seed: 2922145995462844745

58 CryoSword the Conjurer (level 3, 0/28 HPs)
             Began as a Demigod Conjurer on Mar 24, 2022.
             Killed by nerve-wracking pain
             ... invoked by Grinder
              (1 damage)
             ... on level 3 of the Dungeon.
             The game lasted 00:04:07 (2372 turns).

CryoSword the Conjurer (Demigod Conjurer)           Turns: 2372, Time: 00:04:08

Health: 0/28       AC:  3    Str:  8    XL:     3   Next: 52%
Magic:  1/8        EV: 12    Int: 24    God:
Gold:   77         SH:  0    Dex: 12    Spells: 2/5 levels left

rFire   . . .      SeeInvis .   i - +1 dagger (drain)
rCold   . . .      Faith    .   (no shield)
rNeg    . . .      Spirit   .   a - +0 robe
rPois   .          Reflect  .   d - +0 helmet
rElec   .          Harm     .   (no cloak)
rCorr   .          Rampage  .   (no gloves)
Will    .....                   (no boots)
Stlth   ++........              (no amulet)
HPRegen 0.09/turn               (no ring)
MPRegen 0.11/turn               (no ring)

@: no status effects
A: high MP 1, forlorn, divine attributes
a: no special abilities


You were on level 3 of the Dungeon.
You visited 1 branch of the dungeon, and saw 3 of its levels.

You collected 77 gold pieces.

Inventory:

Hand Weapons
 f - a +0 trident
   (You found it on level 1 of the Dungeon)
 i - a +1 dagger of draining (weapon)
   (You took it off a goblin on level 2 of the Dungeon)
Missiles
 e - 12 boomerangs (quivered)
 j - 2 poisoned darts
Armour
 a - a +0 robe (worn)
 d - a +0 helmet (worn)
   (You found it on level 1 of the Dungeon)
Jewellery
 k - an amulet of guardian spirit
   (You found it on level 2 of the Dungeon)
Scrolls
 c - 2 scrolls of enchant armour {unknown}
 g - 2 scrolls of enchant weapon {unknown}
 l - a scroll of holy word {unknown}
Potions
 b - a potion of attraction {unknown}
 h - a potion of lignification {unknown}


   Skills:
 + Level 1.5 Fighting
 - Level 1.7 Dodging
 - Level 1.7 Stealth
 - Level 1.7 Spellcasting
 * Level 4.6 Conjurations


You had 2 spell levels left.
You knew the following spells:

 Your Spells              Type           Power      Damage    Failure   Level
a - Magic Dart            Conj           96%        1d7       1%          1
b - Searing Ray           Conj           48%        2d6       2%          2

Your spell library contained the following spells:

 Spells                   Type           Power      Damage    Failure   Level
 Sublimation of Blood     Necr           2%         N/A       19%         2
 Wereblood                Tmut           2%         N/A       19%         2
 Dazzling Flash           Conj/Hex       26%        N/A       14%         3
 Fulminant Prism          Conj/Hex       6%         3d7       43%         4
 Iskenderun's Mystic Bla  Conj/Tloc      13%        2d5       43%         4
 Summon Hydra             Summ           1%         N/A       100%        7


Dungeon Overview and Level Annotations

Branches:
Dungeon (3/15)

Annotations:
D:3 Grinder


Innate Abilities, Weirdness & Mutations

You have an increased reservoir of magic. (+10% MP)
You shall have no god before yourself.
Your divine heritage dramatically boosts your attributes as you level up.


Message History

Found an escape hatch in the floor.
There is a stone staircase leading up here.
A frilled lizard is nearby!
A quokka comes into view.
That beam is likely to hit you.
Continue anyway? [Y]es or [N]o only, please.
That beam is likely to hit you.
Continue anyway?
Okay, then.
The frilled lizard hisses angrily.
Aim: a frilled lizard (63% to hit)
The searing ray hits the frilled lizard.
You kill the frilled lizard! (Press . to maintain the ray.) Restarting spell: Searing Ray (safe; 3% risk of failure)
Aim: a quokka (69% to hit)
The searing ray hits the quokka. (Press . to maintain the ray.)
A quokka is nearby!
Aim: a quokka (almost dead, 100% to hit)
The magic dart hits the quokka.
You kill the quokka!
An endoplasm comes into view.
An endoplasm is nearby!
An endoplasm is nearby!
An endoplasm is nearby!
Aim: an endoplasm (98% to hit)
The searing ray hits the endoplasm. (Press . to maintain the ray.) Restarting spell: Searing Ray (safe; 3% risk of failure)
Aim: an endoplasm (severely wounded, 98% to hit)
The searing ray hits the endoplasm.
You kill the endoplasm! (Press . to maintain the ray.)
Found a stone staircase leading down.
A bat comes into view.
A bat is nearby!
Aim: a bat (asleep, 100% to hit)
The searing ray hits the bat!
You kill the bat! (Press . to maintain the ray.)
A goblin comes into view. It is wielding a +0 club.
Found a throwing net and a club.
A goblin is nearby!
A goblin is nearby!
A goblin is nearby!
Aim: a goblin, wielding a +0 club (asleep, 100% to hit)
You miscast Searing Ray.
You are very lightly contaminated with residual magic.
Nothing appears to happen.
Aim: a goblin, wielding a +0 club (72% to hit)
The searing ray misses the goblin. (Press . to maintain the ray.)
The goblin hits you but does no damage.
The searing ray hits the goblin!
You kill the goblin!
Your magical contamination has completely faded away.
You see here a +0 club.
m - a throwing net You see here a +0 club.
An adder and a frilled lizard come into view.
The adder hisses angrily.
There are monsters nearby!
There are monsters nearby!
The frilled lizard hisses angrily.
Aim: an adder (63% to hit)
The searing ray hits the adder! (Press . to maintain the ray.)
The searing ray misses the adder.
The searing ray hits the frilled lizard.
You kill the frilled lizard!
The searing ray hits the adder!
You kill the adder!
Grinder comes into view.
Grinder shouts!
Aim: Grinder (77% to hit)
The searing ray hits Grinder. (Press . to maintain the ray.) Grinder blinks!
Aim: Grinder (lightly wounded, 100% to hit)
The magic dart hits Grinder but does no damage.
Aim: Grinder (lightly wounded, 100% to hit)
The magic dart hits Grinder.
Okay, then.
Aim: Grinder (moderately wounded, 100% to hit)
The magic dart hits Grinder.
Aim: Grinder (moderately wounded, 77% to hit)
The searing ray hits Grinder. (Press . to maintain the ray.) Grinder says, "You look like you could use a good racking."
The searing ray misses Grinder.
Throw: 12 boomerangs
Aim: Grinder (heavily wounded, 52% to hit)
Okay, then.
Throw: throwing net
Aim: Grinder (heavily wounded, 52% to hit)
You throw a throwing net. The throwing net hits Grinder.
Grinder is caught in the net!
Grinder says, "There's only one good use for a tongue: cutting it out."
Grinder struggles against the net.
Grinder gestures at you.
You barely resist.
Grinder struggles against the net.
You hit Grinder but do no damage. You hit Grinder but do no damage.
Grinder struggles against the net.
You hit Grinder.
Grinder says, "At least Makhleb appreciates what I'm doing."
Grinder struggles against the net.
You catch the helpless Grinder completely off-guard!
You hit Grinder.
Grinder struggles against the net.
The net rips apart, and Grinder comes free!
You hit Grinder but do no damage. Grinder hits you.
You writhe in agony.
You are too injured to fight recklessly!
Grinder gestures at you. You resist with significant effort.
Grinder gestures at you. You resist with significant effort.
Aim: Grinder (heavily wounded, 77% to hit)
The searing ray hits Grinder! (Press . to maintain the ray.)
An adder comes into view.
Grinder gestures at you. Pain shoots through your body!
* * * LOW HITPOINT WARNING * * *
A goblin comes into view. It is wielding a +0 dagger.
The goblin throws a stone.
The stone closely misses you. Grinder gestures at you.
You suddenly lose the ability to move!
The goblin throws a stone.
The stone hits you but does no damage. The goblin hits you but does no damage.
The goblin hits you with a +0 dagger.
* * * LOW HITPOINT WARNING * * *
Grinder rolls her eyes.
Grinder hits you.
* * * LOW HITPOINT WARNING * * *
You writhe in agony.
* * * LOW HITPOINT WARNING * * *
You can move again.
Unknown command.
Unknown command.
Aim: Grinder (almost dead, 100% to hit)
The magic dart hits Grinder.
The goblin closely misses you. Grinder closely misses you.
Found a scroll labelled KABLAN WURUGIU.
The goblin throws a stone.
The stone hits you.
* * * LOW HITPOINT WARNING * * *
The goblin throws a stone.
The stone misses you.
The goblin throws a stone.
The stone completely misses you.
Found 30 stones.
Grinder gestures at you. Pain shoots through your body!
You die...

.......#.#..#.#######.###+#.#
#........#...............S#
#........#....#######.#...#
#........#....###..g..#...#
..............##..?5### ..#
.##..#........##....# ..#
†....###...#.###....# .#
#.#...............####
#.##############@.>..#
#...........<........+
###..................#
#.############........ #.#
#####(... #.# #### #.# #.#
#.#


You could see Grinder and a goblin.

Vanquished Creatures
  An adder (D:3)
  A dart slug (D:2)
  A ball python (D:2)
  6 bats
  4 endoplasms
  2 giant cockroaches
  7 goblins
  6 hobgoblins
  3 quokkas
  6 frilled lizards
  2 kobolds
  6 rats
45 creatures vanquished.

Vanquished Creatures (others)
  27 plants (D:1)
27 creatures vanquished.

Grand Total: 72 creatures vanquished

Notes
Turn   | Place    | Note
-------+----------+-------------------------------------------
     0 | D:1      | CryoSword the Demigod Conjurer began the quest for the Orb.
     0 | D:1      | Reached XP level 1. HP: 14/14 MP: 5/5
   507 | D:1      | Reached XP level 2. HP: 22/22 MP: 5/7
   510 | D:1      | Learned a level 2 spell: Searing Ray
   557 | D:1      | Reached skill level 4 in Conjurations
   912 | D:1      | Reached skill level 1 in Fighting
  1496 | D:2      | Reached XP level 3. HP: 28/28 MP: 2/8
  2330 | D:3      | Noticed Grinder
  2360 | D:3      | Paralysed by Grinder for 5 turns
  2367 | D:3      | HP: 1/28 [goblin/stone (1)]
  2372 | D:3      | Killed from afar by Grinder

Illustrated notes

Levels and vault maps discovered:
D:1:      roderic_crop_circles_arrival_small, layout_rooms
D:2:      layout_loops_cross, hangedman_decor_riveting
D:3:      layout_basic, solitary_fountain, minmay_bisected, uniq_grinder,
          uniq_jessica, uniq_terence

Skill      XL: |  1  2 |
---------------+-------+-----
Conjurations   | 4 |  4.6
Fighting       | 1 |  1.5
Dodging        | |  1.7
Stealth        | |  1.7
Spellcasting   | |  1.7

Action                   || total
-------------------------++-------
Melee: Unarmed           ||    10
       Trident           ||    11
       Dagger            ||     7
Throw: Throwing net      ||     1
 Cast: Magic Dart        ||    31
       Searing Ray       ||    29
 Stab: Sleeping          ||     1
       Held in net/web   ||     1
Armor: Robe              ||    12
Dodge: Dodged            ||    22
